 Dungeon Crawl Stone Soup version 0.29.1 (webtiles) character file.

Game seed: 14831698661887774787

213 raistware the Magician (level 5, 0/51 HPs)
             Began as an Octopode Conjurer on Sept 14, 2022.
             Succumbed to a water moccasin's poison
             ... in a sewer.
             The game lasted 00:05:08 (3140 turns).

raistware the Magician (Octopode Conjurer)          Turns: 3140, Time: 00:05:09

Health: 0/51       AC: 22    Str:  6    XL:     5   Next: 90%
Magic:  3/12       EV:  2    Int: 22    God:
Gold:   184        SH:  0    Dex: 17    Spells: 6/14 levels left

rFire   + . .      SeeInvis .   (no weapon)
rCold   . . .      Faith    .   (no shield)
rNeg    . . .      Spirit   .   (helmet currently unavailable)
rPois   +          Reflect  .   (no amulet)
rElec   .          Harm     .   l - ring of protection from fire
rCorr   .          Rampage  .   r - +6 ring of dexterity
Will    .....      NoTele   +   p - ring of poison resistance
Stlth   ++........              (no ring)
HPRegen 0.17/turn               (no ring)
MPRegen 0.13/turn               (no ring)
                                (no ring)
                                (no ring)

@: mighty, lethally poisoned (0 -> -1), tree-form, on berserk cooldown,
attractive, hasted and slowed, very slow
A: stationary, stasis, torment immunity, boosted hp, almost no armour,
(amphibious), 8 rings, (camouflage 1), (gelatinous body 1), (nimble swimmer 1),
(tentacles), (tentacle spike 1), robust 1
a: no special abilities


You were in a sewer.
You were a tree.
You visited 1 branch of the dungeon, and saw 4 of its levels.
You also visited: Sewer.

You collected 184 gold pieces.

Inventory:

Missiles
 m - 2 javelins
Jewellery
 l - a ring of protection from fire (left branch)
 p - a ring of poison resistance (on tentacle)
 r - a +6 ring of dexterity (right branch)
Scrolls
 b - 4 scrolls of teleportation {unknown}
 c - 2 scrolls of identify {unknown}
 f - a scroll of blinking {unknown}
 h - a scroll of enchant armour {unknown}
 i - a scroll of noise {unknown}
 s - a scroll of butterflies {unknown}
Potions
 a - 2 potions of magic
 d - a potion of mutation
 n - a potion of ambrosia {unknown}
 o - a potion of haste
 q - a potion of might


   Skills:
 - Level 2.0 Dodging
 - Level 2.6 Stealth
 + Level 5.0 Spellcasting
 - Level 4.0 Conjurations
 - Level 2.0 Translocations


You had 6 spell levels left.
You knew the following spells:

 Your Spells              Type           Power      Damage    Failure   Level
a - Magic Dart            Conj           92%        1d7       1%          1
b - Iskenderun's Mystic   Conj/Tloc      18%        2d6       28%         4
c - Mephitic Cloud        Conj/Pois/Air  11%        N/A       17%         3

Your spell library contained the following spells:

 Spells                   Type           Power      Damage    Failure   Level
 Searing Ray              Conj           46%        2d6       3%          2
 Summon Small Mammal      Summ           20%        N/A       10%         1
 Dazzling Flash           Conj/Hex       28%        N/A       13%         3
 Call Imp                 Summ           5%         N/A       16%         2
 Call Canine Familiar     Summ           5%         N/A       30%         3
 Summon Guardian Golem    Hex/Summ       5%         N/A       30%         3
 Fulminant Prism          Conj/Hex       7%         3d7       41%         4


Dungeon Overview and Level Annotations

Branches:
Dungeon (4/15)              Sewer (1/1)
 Temple: D:4-7

Altars:

Shops:
D:2 :


Innate Abilities, Weirdness & Mutations

You are a tree.
Your roots penetrate the ground, keeping you stationary.
You cannot be teleported.
You are immune to unholy pain and torment.
Your maximum health is greatly increased.
You cannot wear most types of armour.
((You are amphibious.))
You can wear up to eight rings at the same time.
((Your skin changes colour to match your surroundings (Stealth+).))
((Your rubbery body absorbs attacks. (AC +1, EV +1)))
((You are camouflaged when in or above water. (Stealth+)))
((You have tentacles for arms and can constrict up to eight enemies at once.))
((One of your tentacles bears a spike.))
You are robust. (+10% HP)


Message History

You feel very sick.
It was a potion of haste.
You feel yourself speed up.
* * * LOW HITPOINT WARNING * * *
You feel sick.
It was a potion of might.
You feel very mighty all of a sudden.
* * * LOW HITPOINT WARNING * * *
You feel sick.
It was a potion of flight.
You feel very buoyant.
You fly up into the air.
* * * LOW HITPOINT WARNING * * *
You feel sick.
It was a potion of berserk rage.
A red film seems to cover your vision as you go berserk!
You feel yourself moving faster!
You feel mighty!
* * * LOW HITPOINT WARNING * * *
You feel sick.
You are too berserk!
You feel a strong urge to attack something.
* * * LOW HITPOINT WARNING * * *
You feel sick.
You feel your anger nearly subside.
* * * LOW HITPOINT WARNING * * *
You feel sick.
You are no longer berserk.
You are exhausted.
You feel yourself slow down.
* * * LOW HITPOINT WARNING * * *
You feel sick.
It was a potion of lignification.
You turn into a tree.
Your roots penetrate the ground.
Splash!
You fall into the shallow water.
Moving in this stuff is going to be slow.
* * * LOW HITPOINT WARNING * * *
You feel sick.
It was a potion of attraction.
You feel attractive to monsters.
You die...

$?#. .#.#
#..~
##..~##
#..~..#
.~~.##
#~..#
#♣.##
#~..#
##~.# #.
#..# #..
#~.# #~.#
##.~# #..~
#~~.#
#~.###~~##
#.~.#.~.#


There were no monsters in sight!

Vanquished Creatures
  A water moccasin (Sewer)
  3 adders
  3 worms
  2 dart slugs (D:1)
  6 endoplasms
  4 giant cockroaches (D:1)
  5 goblins
  4 hobgoblins
  3 jackals
  6 kobolds
  4 quokkas
  3 ball pythons
  3 bats
  4 frilled lizards
  9 rats
60 creatures vanquished.

Notes
Turn   | Place    | Note
-------+----------+-------------------------------------------
     0 | D:1      | raistware the Octopode Conjurer began the quest for the
                  | Orb.
     0 | D:1      | Reached XP level 1. HP: 11/11 MP: 3/3
   173 | D:1      | Reached XP level 2. HP: 17/17 MP: 3/5
   375 | D:1      | Reached skill level 3 in Spellcasting
   585 | D:1      | Reached XP level 3. HP: 21/21 MP: 5/7
   938 | D:1      | Found a faded altar of an unknown god.
  2222 | D:2      | Reached skill level 4 in Spellcasting
  2222 | D:2      | Reached XP level 4. HP: 27/27 MP: 6/10
  2257 | D:2      | Found Myag's Book Boutique.
  2388 | D:2      | Learned a level 4 spell: Iskenderun's Mystic Blast
  2496 | D:3      | Reached skill level 1 in Translocations
  3005 | D:3      | Learned a level 3 spell: Mephitic Cloud
  3023 | D:4      | Found a glowing drain.
  3050 | Sewer    | Entered a sewer
  3120 | Sewer    | Noticed a water moccasin
  3129 | Sewer    | Killed a water moccasin
  3130 | Sewer    | Reached skill level 5 in Spellcasting
  3130 | Sewer    | Reached XP level 5. HP: 10/31 MP: 2/12
  3130 | Sewer    | Gained mutation: You are robust. (+10% HP) [potion of
                  | mutation]
  3130 | Sewer    | Gained mutation: One of your tentacles bears a spike.
                  | [potion of mutation]
  3138 | Sewer    | HP: 1/34 [poisoned by a water moccasin]
  3140 | Sewer    | Succumbed to a water moccasin's poison

Illustrated notes

Levels and vault maps discovered:
D:1:      dpeg_arrival_pits, layout_loops_ring,
          dreamdust_ecumenical_altar_hidden_monk_grotto
D:2:      layout_basic, serial_shops, nicolae_shop_crystal
D:3:      layout_rooms
D:4:      minmay_skewed_foursquare, layout_loops_ring,
          cheibrodos_sewer_entry_drain
Sewer:    sewer_the_moccasin

Skill      XL: |  1  2  3  4 |
---------------+-------------+-----
Spellcasting   | 3 4 5 |  5.0
Translocations | 2 |  2.0
Dodging        | |  2.0
Stealth        | |  2.6
Conjurations   | |  4.0

Action                   |  1- 3 |  4- 6 || total
-------------------------+-------+-------++-------
Melee: Unarmed           |     3 |     6 ||     9
       Constrict         |     1 |     3 ||     4
 Cast: Magic Dart        |    86 |    48 ||   134
  Use: Potion            |       |     7 ||     7
 Stab: Sleeping          |       |     1 ||     1
Dodge: Dodged            |     7 |    12 ||    19
